 Dungeon Crawl Stone Soup version 0.31-a0-590-g8a5a4361df (webtiles) character file.

Game seed: 8565549470519787795

35 thirtiethelement the Slasher (level 3, -4/29 HPs)
             Began as a Demonspawn Cinder Acolyte on Aug 20, 2023.
             Was a High Priest of Ignis.
             Slain by a goblin
             ... wielding a +0 club
             ... led by Robin
              (5 damage)
             ... on level 2 of the Dungeon.
             The game lasted 00:02:09 (1098 turns).

thirtiethelement the Slasher (DsCA)                 Turns: 1098, Time: 00:02:09

Health: -4/29      AC:  3    Str: 14    XL:     3   Next: 17%
Magic:  4/4        EV: 11    Int: 17    God:    Ignis [*****.]
Gold:   73         SH:  0    Dex:  8    Spells: 2/4 levels left

rFire   + . .        a - -1 falchion (flame)
rCold   . . .        (no shield)
rNeg    . . .        d - +0 leather armour
rPois   .            (no helmet)
rElec   .            (no cloak)
rCorr   .            (no gloves)
SInv    .            (no boots)
Will    .....        (no amulet)
Stlth   +            (no ring)
HPRegen 0.24/turn    (no ring)
MPRegen 0.09/turn

%: no passive effects
@: attractive
A: hooves 1, powered by death 1
a: Renounce Religion, Fiery Armour, Foxfire Swarm, Rising Flame


You were on level 2 of the Dungeon.
You worshipped Ignis.
Ignis was extremely pleased with you.
You visited 1 branch of the dungeon, and saw 2 of its levels.

You collected 73 gold pieces.

Inventory:

Hand Weapons
 a - a -1 falchion of flaming (weapon)
Missiles
 f - 6 boomerangs (quivered)
Armour
 d - a +0 leather armour (worn)
Jewellery
 i - a ring of protection from cold
Scrolls
 b - a scroll of noise {unknown}
 g - a scroll of vulnerability {unknown}
 h - a scroll of poison {unknown}
 j - a scroll of identify {unknown}
Potions
 e - a potion of invisibility {unknown}


   Skills:
 + Level 3.1 Fighting
 + Level 3.4 Long Blades
 + Level 1.0 Armour
 + Level 0.1 Dodging
 + Level 1.0 Spellcasting
 + Level 2.8 Fire Magic


You had 2 spell levels left.
You knew the following spells:

 Your Spells              Type           Power      Damage    Failure   Level
a - Scorch                Fire           20%        2d5       12%         2

Your spell library contained the following spells:

 Spells                   Type           Power      Damage    Failure   Level
 Sublimation of Blood     Necr           0%         N/A       36%         2
 Alistair's Intoxication  Tmut/Pois      0%         N/A       100%        5
 Infestation              Necr           0%         N/A       100%        8


Dungeon Overview and Level Annotations

Branches:
Dungeon (2/15)

Altars:

Annotations:
D:2 Robin


Innate Abilities, Weirdness & Mutations

You have large cloven feet.
You regenerate a little health from kills.


Message History

Robin says, "Kneel, worm!"
Robin throws the goblin at you! The goblin hits you with a +0 dagger.
You completely miss the goblin. You kick the goblin.
You kill the goblin!
You barely miss the goblin. You kick the goblin.
The goblin is almost dead.
The goblin closely misses you.
You barely miss the goblin. Your kick misses the goblin.
The goblin hits you but does no damage. The goblin hits you with a +0 club.
You closely miss the goblin.
The goblin is almost dead.
The goblin hits you with a +0 dagger. The goblin barely misses you.
You closely miss the goblin. Your kick misses the goblin.
The goblin is almost dead.
The goblin barely misses you. The goblin hits you with a +0 club.
You hit the goblin but do no damage.
The goblin is almost dead.
The goblin hits you with a +0 dagger. The goblin closely misses you.
You hit the goblin. You burn the goblin.
You kill the goblin!
You barely miss the goblin. You kick the goblin, but do no damage.
The goblin closely misses you.
You closely miss the goblin.
Robin roars a battlecry!
The goblin goes into a battle-frenzy!
The goblin hits you with a +0 dagger.
You completely miss the goblin. You kick the goblin.
You kill the goblin!
Robin throws the goblin at you! The goblin hits you but does no damage.
Your Armour skill increases to level 1!
You hit Robin. You burn Robin.
Robin is moderately wounded.
Robin throws the goblin at you! The goblin hits you with a +0 club. x3
* * * LOW HITPOINT WARNING * * *
It was a potion of attraction.
You feel attractive to monsters. The goblin hits you with a +0 club.
* * * LOW HITPOINT WARNING * * *
The goblin hits you with a +0 club.
You die...

##....##....##
#.#.# #...###....##
#.#.# ###.###.####
##.# # #.....# #..#
#####..#######
##..#
##.......###...#
##.....#...#.......
#...g...##########
#..g@g### #####)#
#.g..# .g.gg####
....


.gg gg . You could see Robin and 2 goblins.

Vanquished Creatures
  An adder (D:2)
  2 ball pythons (D:1)
  An endoplasm (D:1)
  2 giant cockroaches (D:1)
  4 goblins
  5 hobgoblins
  A quokka (D:1)
  5 bats (D:1)
  2 frilled lizards
  A kobold (D:1)
24 creatures vanquished.

Notes
Turn   | Place    | Note
-------+----------+-------------------------------------------
     0 | D:1      | thirtiethelement the Demonspawn Cinder Acolyte began the
                  | quest for the Orb.
     0 | D:1      | Reached XP level 1. HP: 18/18 MP: 2/2
   232 | D:1      | Got the Folio of Skeletons and Putridity
   428 | D:1      | Gained mutation: You regenerate a little health from kills.
                  | [demonic ancestry]
   428 | D:1      | Reached XP level 2. HP: 20/24 MP: 3/3
   594 | D:1      | Learned a level 2 spell: Scorch
   900 | D:2      | Found a faded altar of an unknown god.
  1000 | D:2      | Discovered your monstrous ancestry.
  1000 | D:2      | Gained mutation: You have large cloven feet. [demonic
                  | ancestry]
  1000 | D:2      | Reached XP level 3. HP: 26/29 MP: 0/4
  1084 | D:2      | Noticed Robin
  1097 | D:2      | Reached skill level 1 in Armour
  1098 | D:2      | HP: 1/29 [goblin/+0 club[Robin] (4)]
  1098 | D:2      | Slain by a goblin

Illustrated notes

Levels and vault maps discovered:
D:1:      nicolae_arrival_washed_ashore, layout_basic
D:2:      layout_basic, ebering_ecumenical_altar_box, nrook_mini_backslash,
          uniq_robin, uniq_crazy_yiuf_cottage

Skill      XL: |  1  2  3 |
---------------+----------+-----
Long Blades    | 3 |  3.4
Armour         | 1 |  1.0
Fighting       | |  3.1
Dodging        | |  0.1
Spellcasting   | |  1.0
Fire Magic     | |  2.8

Action                     || total
---------------------------++-------
  Melee: Falchion          ||   100
         Punch             ||     1
         Kick              ||     4
  Throw: Boomerang         ||     1
   Cast: Scorch            ||     5
    Use: Potion            ||     1
 Armour: Leather armour    ||    29
         Robe              ||     3
  Dodge: Dodged            ||    64

Table legend: (Time is in decaauts)
 A = Elapsed time spent in this place.
 B = Non-inter-level travel time spent in this place.
 C = Inter-level travel time spent in this place.
 D = Time resting spent in this place.
 E = Time spent auto-exploring this place.
 F = Levels seen in this place.
 G = Mean time per level.
                   A        B        C        D        E       F      G
               +--------+--------+--------+--------+--------+-----+--------+
         Total |   1112 |   1104 |      8 |      0 |    885 |   2 |  556.0 |
       Dungeon |   1112 |   1104 |      8 |      0 |    885 |   2 |  556.0 |
               +--------+--------+--------+--------+--------+-----+--------+

Top non-repeatable levels by time:
     D:1: 906 daAuts
     D:2: 205 daAuts
